 Dungeon Crawl Stone Soup version 0.29.1-1-gd02db6906a (webtiles) character file.

Game seed: 7848357774206105190

2 H0rd4k the Insei (level 1, -1/13 HPs)
             Began as an Octopode Transmuter on Oct 17, 2022.
             Slain by a kobold
             ... wielding a +0 short sword
              (3 damage)
             ... on level 1 of the Dungeon.
             The game lasted 00:00:06 (213 turns).

H0rd4k the Insei (Octopode Transmuter)               Turns: 213, Time: 00:00:07

Health: -1/13      AC:  1    Str:  9    XL:     1   Next: 40%
Magic:  3/3        EV: 13    Int: 15    God:
Gold:   9          SH:  0    Dex: 12    Spells: 3/4 levels left

rFire   . . .      SeeInvis .     - Unarmed
rCold   . . .      Faith    .   (no shield)
rNeg    . . .      Spirit   .   (helmet restricted)
rPois   .          Reflect  .   (no amulet)
rElec   .          Harm     .   (no ring)
rCorr   .          Rampage  .   (no ring)
Will    .....                   (no ring)
Stlth   ++........              (no ring)
HPRegen 0.04/turn               (no ring)
MPRegen 0.08/turn               (no ring)
                                (no ring)
                                (no ring)

@: no status effects
A: almost no armour, amphibious, 8 rings, camouflage 1, gelatinous body 1,
(nimble swimmer 1), tentacles
a: no special abilities


You were on level 1 of the Dungeon.
You visited 1 branch of the dungeon, and saw 1 of its levels.

You collected 9 gold pieces.

Inventory:

Scrolls
 b - a scroll of enchant armour {unknown}
 c - a scroll of summoning {unknown}
Potions
 a - a potion of lignification


   Skills:
 + Level 1.0 Fighting
 + Level 2.1 Dodging
 + Level 3.1 Unarmed Combat
 + Level 2.0 Spellcasting
 + Level 2.0 Transmutations


You had 3 spell levels left.
You knew the following spells:

 Your Spells              Type           Power      Damage    Failure   Level
a - Beastly Appendage     Tmut           14%        N/A       10%         1

Your spell library contained the following spells:

 Spells                   Type           Power      Damage    Failure   Level
 Wereblood                Tmut           7%         N/A       14%         2
 Spider Form              Tmut/Pois      4%         N/A       41%         3
 Ice Form                 Ice/Tmut       4%         N/A       82%         4


Dungeon Overview and Level Annotations

Branches:
Dungeon (1/15)

Altars:


Innate Abilities, Weirdness & Mutations

You cannot wear most types of armour.
You are amphibious.
You can wear up to eight rings at the same time.
Your skin changes colour to match your surroundings (Stealth+).
Your rubbery body absorbs attacks. (AC +1, EV +1)
((You are camouflaged when in or above water. (Stealth+)))
You have tentacles for arms and can constrict up to eight enemies at once.


Message History

Your grab misses the frilled lizard. The frilled lizard bites you.
A frilled lizard is nearby!
You tentacle-slap the frilled lizard but do no damage.
Your grab misses the frilled lizard. The frilled lizard bites you.
You tentacle-slap the frilled lizard but do no damage.
Your grab misses the frilled lizard. The frilled lizard bites you.
You tentacle-slap the frilled lizard.
You kill the frilled lizard!
Key pressed, stopping explore.
No target in view!
A goblin comes into view. It is wielding a +0 club.
You see here 18 gold pieces.
A goblin is nearby!
A kobold comes into view. It is wielding a +0 dagger.
There are monsters nearby!
A kobold comes into view. It is wielding a +0 short sword.
The kobold shouts!
The kobold hits you with a +0 dagger.
There are monsters nearby!
The goblin shouts!
You tentacle-slap the kobold but do no damage.
Your grab misses the kobold. Your squeeze misses the kobold.
The kobold hits you with a +0 dagger.
There are monsters nearby!
You barely miss the goblin. Your grab misses the goblin.
The kobold closely misses you. The goblin misses you.
You tentacle-slap the goblin. Your grab misses the goblin.
The goblin is heavily wounded.
The goblin hits you with a +0 club. The kobold closely misses you.
Unknown command.
The goblin attacks as you move away! The goblin hits you with a +0 club.
You closely miss the goblin. You grab the goblin. You tentacle-slap the goblin.
You kill the goblin!
The kobold hits you with a +0 dagger.
* * * LOW HITPOINT WARNING * * *
The kobold barely misses you.
You see here a +0 club.
The kobold attacks as you move away!
The kobold hits you with a +0 short sword.
You die...

#......#.##...#..
.....##.#..#####.. # ##
##.#.##.#..# #.# # #.#..
#.#....#..# #..
.......##.#.##.#.......##
.............#.####....
.............#)....##..
.....####.$......#.....
.......K@....#.#.# ###.
.....#K##...#....# ## #
........##...###....
........##..... .....
.≈.≈.......≈.........#
.§§..#...#....##.....#
.§#....§....#.# ... . §.
#...#..... §.≈ ......≈ ≈.


You could see 2 kobolds.

Vanquished Creatures
  A goblin (D:1)
  A frilled lizard (D:1)
  A kobold (D:1)
3 creatures vanquished.

Notes
Turn   | Place    | Note
-------+----------+-------------------------------------------
     0 | D:1      | H0rd4k the Octopode Transmuter began the quest for the Orb.
     0 | D:1      | Reached XP level 1. HP: 13/13 MP: 3/3
   213 | D:1      | Slain by a kobold

Illustrated notes

Levels and vault maps discovered:
D:1:      scummos_arrival_star, layout_basic, nicolae_kite_square_tiling_tiny

Action                   || total
-------------------------++-------
Melee: Unarmed           ||    10
       Constrict         ||     1
       Punch             ||     1
Dodge: Dodged            ||     5
